 Seeded DCSS version 0.30-a0-830-gfe289a77b0 (webtiles) character file.

Game seed: 10962520627805071627 (custom seed)

16 demibob the Slasher (level 2, 17/17 HPs)
             Began as a Tengu Reaver on Feb 28, 2023.
             Quit the game on level 1 of the Dungeon.
             The game lasted 00:00:57 (651 turns).

demibob the Slasher (Tengu Reaver)                   Turns: 651, Time: 00:00:57

Health: 17/17      AC:  3    Str: 12    XL:     2   Next: 54%
Magic:  15/15      EV: 12    Int: 13    God:
Gold:   1243       SH:  0    Dex: 18    Spells: 4/5 levels left

rFire   . . .      SeeInvis .    a - +9 sword of Power {lifebolt}
rCold   . . .      Faith    .    (shield currently unavailable)
rNeg    . . .      Spirit   .    b - +0 leather armour
rPois   +          Reflect  .    (helmet restricted)
rElec   .          Harm     .    (no cloak)
rCorr   .          Rampage  .    (no gloves)
Will    .....                    (boots unavailable)
Stlth   +                        (no amulet)
HPRegen 0.22/turn                c - ring of Piwk {Drain rPois MP+9 Dex+6 Slay+5}
MPRegen 0.14/turn                (no ring)

@: no status effects
A: beak, talons 3
a: no special abilities


You were on level 1 of the Dungeon.
You visited 1 branch of the dungeon, and saw 1 of its levels.

You collected 1243 gold pieces.


Innate Abilities, Weirdness & Mutations

You have a beak for a mouth.
You have claws for feet.


   Skills:
 - Level 2.0 Fighting
 + Level 4.2 Long Blades
 - Level 2.1 Dodging
 - Level 2.0 Spellcasting
 - Level 4.0 Conjurations


You had 4 spell levels left.
You knew the following spells:

 Your Spells              Type           Power      Damage    Failure   Level
X - Kiss of Death         Conj/Necr      24%        2d7       14%         1

Your spell library contained the following spells:

 Spells                   Type           Power      Damage    Failure   Level
 Momentum Strike          Conj/Tloc      12%        3d8       22%         2
 Hailstorm                Conj/Ice       6%         3d4       38%         3

Inventory:

Hand Weapons
 a - the +9 sword of Power (weapon) {lifebolt}
   (You acquired it on level 1 of the Dungeon)
 d - a +0 falchion
Armour
 b - a +0 leather armour (worn)
Jewellery
 c - the ring of Piwk (left hand) {Drain rPois MP+9 Dex+6 Slay+5}
   (You acquired it on level 1 of the Dungeon)

   [ring of dexterity]

   Dex:       It affects your dexterity (+6).
   Slay:      It affects your accuracy & damage with ranged weapons and melee
   (+5).
   rPois:     It protects you from poison.
   MP:        It affects your magic capacity (+9).
   Drain:     It drains your maximum health when unequipped.
 e - an amulet of faith {!P}
Scrolls
 g - a scroll of identify {unknown}
 h - 3 scrolls of enchant armour {unknown}
Potions
 f - a potion of berserk rage {unknown}

Dungeon Overview and Level Annotations

Branches:
Dungeon (1/15)

Altars:

######.........##.Pb##.....###.#
.............####...##.###.....#
...##.........###▒#▒##.#.#..####
(.............##.....#.#.#..#
...#####▒#▒#####..#.........#
.....# .PP.. ###..#..#......#
.#####.......#..........#.#.# .#
############..####..#.#.##### .#
#.#.........@.........#...... .#
#...#######.....#############
.######..........>...#....>..#
...............).....#.#####.#
##########)######....#.# #.#
##########.######....#.# #.####
#..............##.#.##.# #.....
#..............##.#.##.# ######
#..####'#####..##.#.##.#


There were no monsters in sight!


Message History

No target in view!
No target in view!
No target in view!
h - 3 scrolls labelled WYEPEFR PUBBE A kobold comes into view.
It is wielding a +0 dagger.
The kobold shouts!
A kobold is nearby!
A kobold is nearby!
The kobold closely misses you.
You slice the kobold!!
You kill the kobold!
No target in view!
No target in view!
No target in view!
No target in view!
No target in view!
No target in view!
You see here a +0 dagger.
You see here a +0 dagger.
You see here a +0 dagger.
Found a mace.
There is an open door here.
There is a staircase leading out of the dungeon here.
There is an open door here.
You see here a +0 dagger.
Done exploring.
Done exploring.
Done exploring.
No target in view!
Are you sure you want to abandon this character and quit the game? (Confirm with "yes".)

Skill      XL: |  1  2 |
---------------+-------+-----
Long Blades    | 4 |  4.2
Fighting       | |  2.0
Dodging        | |  2.1
Spellcasting   | |  2.0
Conjurations   | |  4.0

Action                     || total
---------------------------++-------
  Melee: Falchion          ||     8
         Great sword       ||     9
         Kick              ||     3
         Peck              ||     1
    Use: Scroll            ||     3
   Stab: Sleeping          ||     2
 Armour: Leather armour    ||     2
  Dodge: Dodged            ||     5

Levels and vault maps discovered:
D:1:      lemuel_arrival_room, layout_basic, serial_aquarium,
          aquarium_bridge_square [aquarium_subvault_bridge,
          aquarium_subvault_window, aquarium_subvault_window,
          aquarium_subvault_bridge], aquarium_window_1, aquarium_window_3,
          aquarium_window_double, aquarium_view_2f, aquarium_view_2d,
          aquarium_balcony_3b

Notes
Turn   | Place    | Note
-------+----------+-------------------------------------------
     0 | D:1      | demibob the Tengu Reaver began the quest for the Orb.
     0 | D:1      | Reached XP level 1. HP: 12/12 MP: 4/4
    31 | D:1      | Identified 3 scrolls of acquirement
    31 | D:1      | Acquired 1215 gold pieces
    32 | D:1      | Acquired the +9 sword of Power {lifebolt}
    32 | D:1      | Found the +9 sword of Power {lifebolt}
    33 | D:1      | Acquired the ring of Piwk {Drain rPois MP+9 Dex+6 Slay+5}
   128 | D:1      | Reached XP level 2. HP: 17/17 MP: 6/6
   147 | D:1      | Reached skill level 4 in Long Blades
   651 | D:1      | Quit the game

Vanquished Creatures
  A dart slug (D:1)
  A bat (D:1)
  2 endoplasms (D:1)
  2 goblins (D:1)
  A hobgoblin (D:1)
  A quokka (D:1)
  A ball python (D:1)
  3 kobolds (D:1)
12 creatures vanquished.

Table legend: (Time is in decaauts)
 A = Elapsed time spent in this place.
 B = Non-inter-level travel time spent in this place.
 C = Inter-level travel time spent in this place.
 D = Time resting spent in this place.
 E = Time spent auto-exploring this place.
 F = Levels seen in this place.
 G = Mean time per level.
                   A        B        C        D        E       F      G
               +--------+--------+--------+--------+--------+-----+--------+
         Total |    655 |    655 |      0 |      0 |    554 |   1 |  655.0 |
       Dungeon |    655 |    655 |      0 |      0 |    554 |   1 |  655.0 |
               +--------+--------+--------+--------+--------+-----+--------+

Top non-repeatable levels by time:
     D:1: 655 daAuts

Table legend:
 A = Non-vault XP
 B = Vault XP
 C = Vault XP percentage of total XP
 D = Non-vault monster count
 E = Vault monster count
 F = Vault count percentage of total count
                 A         B        C        D         E       F
            +---------+---------+-------+---------+---------+-------
      Total |      23 |       0 |   0.0 |      12 |       0 |   0.0
            +---------+---------+-------+---------+---------+-------
        D:1 |      23 |       0 |   0.0 |      12 |       0 |   0.0
            +---------+---------+-------+---------+---------+-------
